 Dungeon Crawl Stone Soup version 0.31.0-12-g77e489cdc1 (webtiles) character file.

Game seed: 12962395098806090760

92 PaiMei the Grave Robber (level 4, 0/30 HPs)
             Began as a Demonspawn Necromancer on Feb 17, 2024.
             Slain by Terence
             ... wielding a +2 flail of protection
              (5 damage)
             ... on level 2 of the Dungeon.
             The game lasted 00:01:52 (1878 turns).

PaiMei the Grave Robber (Demonspawn Necromancer)    Turns: 1878, Time: 00:01:53

Health: 0/30       AC:  4    Str:  9    XL:     4   Next: 35%
Magic:  2/8        EV: 12    Int: 17    God:
Gold:   86         SH:  4    Dex: 13    Spells: 4/8 levels left

rFire   . . .        d - +0 short sword
rCold   . . .        (no shield)
rNeg    . . .        a - +0 robe
rPois   .            (no helmet)
rElec   .            (no cloak)
rCorr   .            e - +0 pair of gloves
SInv    .            m - +0 pair of boots
Will    .....        (no amulet)
Stlth   ++           (no ring)
HPRegen 0.25/turn    (no ring)
MPRegen 0.11/turn

%: no passive effects
@: very slightly contaminated
A: condensation shield
a: no special abilities


You were on level 2 of the Dungeon.
You visited 1 branch of the dungeon, and saw 2 of its levels.

You collected 86 gold pieces.

Inventory:

Hand Weapons
 d - a +0 short sword (weapon)
Armour
 a - a +0 robe (worn)
 e - a +0 pair of gloves (worn)
 m - a +0 pair of boots (worn)
Scrolls
 c - a scroll of summoning {unknown}
 g - 3 scrolls of amnesia {unknown}
 h - 2 scrolls of enchant armour {unknown}
 k - 2 scrolls of noise {unknown}
 l - a scroll of teleportation {unknown}
 n - a scroll of brand weapon {unknown}
Potions
 b - a potion of magic
 f - a potion of heal wounds {unknown}
 i - a potion of resistance {unknown}
 j - a potion of enlightenment {unknown}


   Skills:
 + Level 2.6 Dodging
 + Level 2.7 Stealth
 + Level 2.7 Spellcasting
 + Level 5.0 Necromancy


You had 4 spell levels left.
You knew the following spells:

 Your Spells              Type           Power      Damage    Failure   Level
a - Necrotise             Necr           76%        1d7       2%          1
b - Vampiric Draining     Necr           19%        2d7       7%          3

Your spell library contained the following spells:

 Spells                   Type           Power      Damage    Failure   Level
 Slow                     Hex            8%         N/A       19%         1
 Animate Dead             Necr           19%        N/A       22%         4
 Confusing Touch          Hex            2%         N/A       47%         3
 Sigil of Binding         Hex            2%         N/A       47%         3
 Curse of Agony           Necr           19%        N/A       54%         5


Dungeon Overview and Level Annotations

Branches:
Dungeon (2/15)

Altars:
Xom

Shops:
D:1 (

Annotations:
D:2 Terence


Innate Abilities, Weirdness & Mutations

A meltable shield of frost defends you. (SH +4)


Message History

Casting: Necrotise (safe; 2% risk of failure)
Confirm with . or Enter, or press ? or * to list all spells.
Aiming: Necrotise (safe; 2% risk of failure)
Press: ? - help, Shift-Dir - straight line, f/p - Terence
Aim: Terence, wielding a +2 flail of protection and wearing a +0 scale mail (moderately wounded, chance to affect: 84%) Terence writhes in agony.
Terence shouts, "ATTACK!!!"
Casting: Necrotise (safe; 2% risk of failure)
Confirm with . or Enter, or press ? or * to list all spells.
Aiming: Necrotise (safe; 2% risk of failure)
Press: ? - help, Shift-Dir - straight line, f/p - Terence
Aim: Terence, wielding a +2 flail of protection and wearing a +0 scale mail (moderately wounded, chance to affect: 84%) Terence writhes in agony.
Terence hits you with a +2 flail of protection!
Casting: Necrotise (safe; 2% risk of failure)
Confirm with . or Enter, or press ? or * to list all spells.
Aiming: Necrotise (safe; 2% risk of failure)
Press: ? - help, Shift-Dir - straight line, f/p - Terence
Aim: Terence, wielding a +2 flail of protection and wearing a +0 scale mail (heavily wounded, chance to affect: 84%)
You miscast Necrotise.
You are very lightly contaminated with residual magic.
Nothing appears to happen.
Terence looks scornfully at you.
Terence hits you with a +2 flail of protection!
* * * LOW HITPOINT WARNING * * *
Casting: Necrotise (safe; 2% risk of failure)
Confirm with . or Enter, or press ? or * to list all spells.
Aiming: Necrotise (safe; 2% risk of failure)
Press: ? - help, Shift-Dir - straight line, f/p - Terence
Aim: Terence, wielding a +2 flail of protection and wearing a +0 scale mail (heavily wounded, chance to affect: 84%) Terence writhes in agony.
Terence closely misses you.
Casting: Necrotise (safe; 2% risk of failure)
Confirm with . or Enter, or press ? or * to list all spells.
Aiming: Necrotise (safe; 2% risk of failure)
Press: ? - help, Shift-Dir - straight line, f/p - Terence
Aim: Terence, wielding a +2 flail of protection and wearing a +0 scale mail (severely wounded, chance to affect: 84%) Terence writhes in agony.
Terence hits you with a +2 flail of protection.
You die...
Terence says, "That felt goooood."

###########
#..@@.....#
#.#######$#
#.# ####
#.# #...
#.# #.##
#.# ####.##
#.# .......
#.# #......
#.#
###.##.##


You could see Terence.

Vanquished Creatures
  Jessica (D:2)
  3 adders (D:2)
  3 ribbon worms (D:2)
  A dart slug (D:2)
  4 ball pythons
  An endoplasm (D:2)
  2 giant cockroaches
  3 goblins (D:2)
  2 hobgoblins (D:2)
  A quokka (D:1)
  2 bats
  2 frilled lizards (D:1)
  3 kobolds
  6 rats
34 creatures vanquished.

Vanquished Creatures (collateral kills)
  A rat (D:1)
1 creature vanquished.

Grand Total: 35 creatures vanquished

Notes
Turn   | Place    | Note
-------+----------+-------------------------------------------
     0 | D:1      | PaiMei the Demonspawn Necromancer began the quest for the
                  | Orb.
     0 | D:1      | Reached XP level 1. HP: 13/13 MP: 3/3
   384 | D:1      | Found Sint's Antique Weapon Shop.
   452 | D:1      | Gained mutation: A meltable shield of frost defends you.
                  | (SH +4) [demonic ancestry]
   452 | D:1      | Reached XP level 2. HP: 19/19 MP: 3/5
   657 | D:1      | Found a shimmering altar of Xom.
  1036 | D:2      | Reached XP level 3. HP: 17/24 MP: 1/6
  1040 | D:2      | Learned a level 3 spell: Vampiric Draining
  1192 | D:2      | Noticed Jessica
  1201 | D:2      | Killed Jessica
  1356 | D:2      | Reached XP level 4. HP: 30/30 MP: 2/7
  1757 | D:2      | Reached skill level 5 in Necromancy
  1870 | D:2      | Noticed Terence
  1878 | D:2      | Slain by Terence

Illustrated notes

Levels and vault maps discovered:
D:1:      sevenhm_arrival_forest_fort_small_6, layout_loops_cross, serial_shops,
          shop, bh_walls_and_bars
D:2:      layout_loops_ring, st_stairs_12, guppyfry_early_lair_pool,
          uniq_jessica, uniq_terence

Skill      XL: |  1  2  3  4 |
---------------+-------------+-----
Stealth        | 2 |  2.7
Dodging        | 2 |  2.6
Necromancy     | 5 |  5.0
Spellcasting   | |  2.7

Action                     |  1- 3 |  4- 6 || total
---------------------------+-------+-------++-------
  Melee: Short sword       |    11 |     2 ||    13
   Cast: Necrotise         |    46 |    26 ||    72
 Armour: Robe              |    10 |     8 ||    18
  Dodge: Dodged            |    13 |     4 ||    17
  Block: Other             |     4 |     1 ||     5
